AoeStats
← sartorius5559

Arena

509791454Analyzed
2v2 RM · 3d ago on Sep 28, 2026· 50m 12s· 4 players
Game mode
Random Map
Map size
Medium (4 player)
Population
200
Speed
Normal
Resources
Standard
Victory
Conquest
Starting age
Dark Age
Ending age
Imperial Age
RankedLock teamsTeams togetherTeam positionsShared explorationLock speedFull tech treeHidden civsTurbo modeCheats
Victory
Defeat
🇨🇴 Khmer · Colombia
1236
+14
🇨🇴 Malay · Colombia
1098
+20
🇺🇸 Tatars · United States
1191
-17
🇺🇸 Chinese · United States
1190
-17
Prixmastx
10:46 Feudal Age
15:29 Castle Age
13:49 Double-Bit Axe
14:08 Horse Collar
16:13 Wheelbarrow
15:34 Light Cavalry
16:53 Bloodlines
19:41 Scale Barding Armor
20:01 Husbandry
21:26 Bow Saw
22:52 Forging
27:46 Gold Mining
31:16 Imperial Age
30:43 Chain Barding Armor
30:59 Iron Casting
32:20 Conscription
32:02 Tusk Swords
32:04 Scale Mail Armor
32:41 Plate Barding Armor
32:24 Town Watch
34:02 Scale Mail Armor
37:22 Elite Battle Elephant
40:15 Blast Furnace
40:26 Fletching
41:22 Heavy Plow
42:23 Bodkin Arrow
43:50 Crop Rotation
43:58 Elite Ballista Elephant
44:40 Bracer
45:02 Ballistics
45:43 Chemistry
45:41 Siege Engineers
45:52 Murder Holes
47:03 Double Crossbow
47:24 Hussar
49:46 Chain Mail Armor
Saul carvajal 9
9:42 Feudal Age
12:16 Loom
16:58 Castle Age
14:49 Double-Bit Axe
15:10 Horse Collar
29:15 Wheelbarrow
29:53 Gold Mining
29:53 Stone Mining
30:50 Bow Saw
34:05 Imperial Age
32:22 Heavy Plow
34:39 Chemistry
34:02 Ballistics
34:08 Conscription
34:30 Elite Skirmisher
36:49 Padded Archer Armor
37:13 Hand Cart
36:45 Town Watch
38:03 Fletching
39:46 Bodkin Arrow
42:06 Bracer
42:17 Forging
43:45 Thumb Ring
43:00 Crossbowman
45:15 Husbandry
44:37 Light Cavalry
47:25 Leather Archer Armor
47:45 Iron Casting
48:01 Scale Barding Armor
49:55 Pikeman
50:09 Arbalester
sartorius5559
11:20 Feudal Age
14:56 Castle Age
13:14 Double-Bit Axe
13:50 Horse Collar
16:46 Loom
29:58 Imperial Age
28:10 Ballistics
27:43 Fletching
27:54 Padded Archer Armor
28:27 Gold Mining
29:15 Bodkin Arrow
29:35 Leather Archer Armor
30:45 Heavy Cavalry Archer
32:49 Conscription
33:57 Chemistry
34:46 Onager
37:12 Bracer
37:43 Ring Archer Armor
37:47 Scale Barding Armor
37:52 Forging
38:26 Bloodlines
38:16 Husbandry
37:42 Light Cavalry
40:17 Hussar
41:46 Iron Casting
41:32 Chain Barding Armor
47:52 Plate Barding Armor
CarverMX32
12:08 Feudal Age
15:50 Castle Age
14:04 Double-Bit Axe
14:29 Horse Collar
19:25 Squires
22:38 Scale Mail Armor
22:49 Forging
24:47 Loom
33:26 Bow Saw
34:43 Chain Mail Armor
36:45 Wheelbarrow
36:51 Iron Casting
36:46 Arson
40:52 Heavy Plow
41:43 Gold Mining
45:27 Imperial Age
43:18 Hand Cart
42:49 Town Watch
48:31 Plate Mail Armor
49:01 Blast Furnace
47:31 Elite Fire Lancer
49:50 Fletching
Connection lost

Rejoining the realm…

Still unreachable

The connection could not be restored.

Session expired

The server has moved on; the page needs a fresh start.